AoeStats
← stinkepete2000

Arena

510373689Analyzed
2v2 RM · 18h ago on Sep 30, 2026· 52m 19s· 4 players
Game mode
Random Map
Map size
Medium (4 player)
Population
200
Speed
Normal
Resources
Standard
Victory
Conquest
Starting age
Dark Age
Ending age
Imperial Age
RankedLock teamsTeams togetherTeam positionsShared explorationLock speedFull tech treeHidden civsTurbo modeCheats
Victory
Defeat
🇩🇪 Teutons · Germany
1254
+14
🇩🇪 Hindustanis · Germany
1253
+14
🇩🇪 Britons · Germany
1209
-14
🇩🇪 Saxons · Germany
1209
-14
mojo
9:48 Feudal Age
13:49 Castle Age
12:51 Double-Bit Axe
12:49 Horse Collar
15:26 Bow Saw
20:37 Wheelbarrow
21:00 Gold Mining
22:26 Stone Mining
22:45 Heavy Plow
22:45 Town Watch
22:46 Loom
24:20 Hand Cart
25:07 Treadmill Crane
26:36 Gold Shaft Mining
28:57 Imperial Age
26:51 Masonry
26:55 Squires
27:20 Fletching
27:30 Padded Archer Armor
28:34 Ballistics
27:58 Crossbowman
28:37 Bodkin Arrow
28:58 Leather Archer Armor
29:21 Thumb Ring
29:57 Bracer
31:04 Chemistry
29:31 Arbalester
31:14 Two-Man Saw
31:53 Conscription
33:24 Ring Archer Armor
33:54 Scale Mail Armor
34:04 Forging
34:56 Siege Engineers
37:40 Hoardings
38:47 Pikeman
39:14 Gambesons
39:16 Arson
40:28 Elite Varangian Guard
40:29 Halberdier
41:16 Caravan
41:27 Guilds
41:58 Crop Rotation
42:37 Chain Mail Armor
42:58 Iron Casting
42:33 Gambesons
42:11 Capped Ram
45:04 Plate Mail Armor
44:39 Scale Barding Armor
45:09 Coinage
44:17 Light Cavalry
45:10 Bloodlines
45:01 Husbandry
44:52 Hussar
46:51 Chain Barding Armor
50:33 Siege Ram
LordLukas
5:02 Loom
10:54 Feudal Age
16:32 Castle Age
15:10 Double-Bit Axe
17:26 Horse Collar
21:24 Bow Saw
21:22 Heavy Plow
25:16 Wheelbarrow
24:28 Town Watch
24:48 Fletching
26:37 Pikeman
27:10 Gold Mining
30:45 Imperial Age
29:10 Squires
29:13 Scale Mail Armor
29:57 Gold Shaft Mining
29:59 Forging
29:45 Bodkin Arrow
30:07 Padded Archer Armor
31:02 Chain Mail Armor
32:05 Siege Engineers
32:24 Ballistics
32:46 Iron Casting
32:11 Bracer
34:41 Leather Archer Armor
33:54 Halberdier
33:58 Crossbowman
35:07 Arson
35:17 Arbalester
36:26 Hand Cart
38:11 Chemistry
37:19 Stone Mining
38:27 Plate Mail Armor
38:12 Leather Archer Armor
38:11 Masonry
38:29 Town Patrol
39:01 Fortified Wall
39:53 Blast Furnace
48:16 Two-Man Saw
stinkepete2000
10:28 Feudal Age
14:55 Castle Age
12:44 Double-Bit Axe
14:00 Horse Collar
16:34 Bow Saw
20:32 Loom
21:26 Wheelbarrow
21:28 Loom
21:48 Heavy Plow
25:00 Bloodlines
24:50 Husbandry
24:49 Gold Mining
24:49 Stone Mining
25:47 Hand Cart
25:17 Town Watch
29:10 Imperial Age
27:25 Scale Barding Armor
27:21 Padded Archer Armor
28:01 Forging
28:40 Chain Barding Armor
28:47 Fletching
29:16 Leather Archer Armor
29:52 Gold Shaft Mining
30:30 Plate Barding Armor
31:05 Chemistry
31:02 Iron Casting
30:02 Heavy Camel Rider
31:31 Ring Archer Armor
31:23 Masonry
31:39 Conscription
32:55 Blast Furnace
33:08 Scale Mail Armor
33:40 Grand Trunk Road
33:50 Bodkin Arrow
34:11 Chain Mail Armor
36:08 Bracer
35:30 Elite Ghulam
36:36 Imperial Camel Rider
37:23 Shatagni
41:04 Siege Engineers
42:32 Coinage
42:02 Caravan
42:51 Ballistics
44:15 Two-Man Saw
43:26 Shatagni
44:46 Murder Holes
45:57 Hoardings
46:11 Banking
50:33 Stone Shaft Mining
Puschel der Waschbär
10:53 Feudal Age
12:46 Double-Bit Axe
15:16 Castle Age
14:08 Loom
14:12 Town Watch
22:23 Wheelbarrow
21:57 Gold Mining
23:14 Bow Saw
23:11 Loom
23:34 Stone Mining
29:34 Imperial Age
27:20 Hand Cart
26:50 Town Watch
27:57 Town Patrol
28:54 Fletching
29:15 Forging
29:56 Ballistics
30:09 Bodkin Arrow
30:02 Pikeman
30:43 Squires
30:28 Gambesons
31:54 Chemistry
31:00 Siege Engineers
31:34 Iron Casting
31:26 Crenellations
34:34 Onager
37:00 Bloodlines
38:07 Siege Onager
39:23 Cavalier
41:39 Masonry
41:13 Elite Skirmisher
46:24 Paladin
49:49 Scale Barding Armor
50:44 Blast Furnace
52:07 Chain Barding Armor
51:48 Scale Mail Armor
51:49 Padded Archer Armor
Connection lost

Rejoining the realm…

Still unreachable

The connection could not be restored.

Session expired

The server has moved on; the page needs a fresh start.